 Dungeon Crawl Stone Soup version 0.19.5 (webtiles) character file.

30 djnw the Grave Robber (level 3, 6/24 HPs)
             Began as a Mummy Necromancer on Mar 25, 2017.
             Quit the game on level 2 of the Dungeon.
             The game lasted 00:06:57 (1648 turns).

djnw the Grave Robber (Mummy Necromancer)           Turns: 1648, Time: 00:06:58

Health: 6/24       AC:  3    Str: 11    XL:     3   Next: 3%
Magic:  1/6        EV: 12    Int: 15    God:
Gold:   94         SH:  0    Dex: 12    Spells: 2 memorised, 5 levels left

rFire  x . .     SeeInvis .     d - +0 club
rCold  + + .     Gourm    .     a - +0 robe
rNeg   + + +     Faith    .     (no shield)
rPois  ∞         Spirit   .     (no helmet)
rElec  .         Reflect  .     (no cloak)
rCorr  .         Harm     .     (no gloves)
MR     +....                    c - +0 pair of boots
Stlth  ++........               (no amulet)
                                g - ring of protection from magic
                                e - ring of protection from cold

@: no status effects
A: no food or potions, fire vulnerability, cold resistance 1, negative energy
resistance 3, torment resistance, unbreathing
a: no special abilities


You were on level 2 of the Dungeon.
You were not hungry.

You visited 1 branch of the dungeon, and saw 2 of its levels.

You collected 94 gold pieces.

Inventory:

Hand Weapons
 d - a +0 club (weapon)
Armour
 a - a +0 robe (worn)
 c - a +0 pair of boots (worn)
Jewellery
 e - a ring of protection from cold (left hand)
 g - a ring of protection from magic (right hand)
Wands
 f - a wand of random effects (27/48)
Scrolls
 h - 2 scrolls of identify
Books
 b - a book of Necromancy

   Spells                             Type                      Level
   a - Pain                           Necromancy                   1
   b - Animate Skeleton               Necromancy                   1
   c - Vampiric Draining              Necromancy                   3
   d - Regeneration                   Charms/Necromancy            3
   e - Animate Dead                   Necromancy                   4
   f - Control Undead                 Necromancy                   4


   Skills:
 - Level 1.5 Dodging
 - Level 1.5 Stealth
 + Level 2.5 Spellcasting
 * Level 4.6 Necromancy


You had 5 spell levels left.
You knew the following spells:

 Your Spells              Type           Power        Failure   Level  Hunger
a - Pain                  Necr           ###.         3%          1    N/A
b - Animate Skeleton      Necr           N/A          3%          1    N/A

Dungeon Overview and Level Annotations

Branches:
Dungeon (2/15)

Altars:
Xom

Annotations:
D:2 Robin


Innate Abilities, Weirdness & Mutations

You do not eat or drink.
Your flesh is vulnerable to fire.
You are immune to poison.
Your flesh is cold resistant. (rC+)
You are immune to negative energy. (rN+++)
You are immune to unholy pain and torment.
You can survive without breathing.


Message History

The hobgoblin misses you. The goblin closely misses you.
Unknown command.
You swap places.
The hobgoblin barely misses your goblin skeleton.
The goblin barely misses your goblin skeleton.
Unknown command.
Your goblin skeleton hits the hobgoblin but does no damage.
The hobgoblin hits your goblin skeleton.
The goblin hits your goblin skeleton.
Your goblin skeleton is destroyed!
Unknown command.
Unknown command.
Unknown command.
Casting: Animate Skeleton
Confirm with . or Enter, or press ? or * to list all spells.
You don't have enough magic to cast that spell.
Unknown command.
The hobgoblin hits you but does no damage.
Robin throws the goblin at you!
Are you sure you want to abandon this character and quit the game? (Confirm with "yes".)

....#######.......## .....#
####..### .....# ##.# .....#
#.#### .....# ##### #....##
.....###...## ####..#
......##.#..#######.###########
.........##.....###......>....#
.....#.....####.@gg####(<.....#
.....#.........###g####.......#
............##.##..g(.........#
.....#......##....#.gg#g......#
..).............#####g#.......#
..._.#......##.## #)#...%...#
Z....#[.....##.## #.g)g######
..##........##..## ####g#
##########...##..### ..#


You could see 3 hobgoblins and 4 goblins.

Vanquished Creatures
  A leopard gecko (D:2)
  4 giant cockroaches
  5 goblins
  2 hobgoblins (D:1)
  2 kobolds (D:1)
  A quokka (D:2)
  7 bats (D:1)
  4 rats
26 creatures vanquished.

Vanquished Creatures (collateral kills)
  A rat (D:1)
1 creature vanquished.

Grand Total: 27 creatures vanquished

Notes
Turn   | Place    | Note
-------+----------+-------------------------------------------
     0 | D:1      | djnw the Mummy Necromancer began the quest for the Orb.
     0 | D:1      | Reached XP level 1. HP: 13/13 MP: 3/3
   197 | D:1      | Learned a level 1 spell: Animate Skeleton
   657 | D:1      | Reached XP level 2. HP: 19/19 MP: 3/5
  1098 | D:2      | Found a shimmering altar of Xom.
  1627 | D:2      | Reached XP level 3. HP: 24/24 MP: 2/6
  1628 | D:2      | Noticed Robin
  1648 | D:2      | Quit the game

Action                   || total
-------------------------++-------
Melee: Club              ||    28
       Unarmed           ||    17
 Cast: Pain              ||    43
       Animate Skeleton  ||    10
Evoke: Wand              ||     1
  Use: Scroll            ||     4
Armor: Robe              ||    30
Dodge: Dodged            ||    53
